AoeStats
← MrHeinsenberg

Arabia

505147797Analyzed
1v1 RM · 25d ago on Sep 8, 2026· 28m 48s· 2 players
Game mode
Random Map
Map size
Tiny (2 player)
Population
200
Speed
Normal
Resources
Standard
Victory
Conquest
Starting age
Dark Age
Ending age
Imperial Age
RankedLock teamsTeams togetherTeam positionsShared explorationLock speedFull tech treeHidden civsTurbo modeCheats
Victory
Defeat
🇵🇪 Turks · Peru
318
+20
🇵🇪 Inca · Peru
415
-20
ElSucioDhate
11:02 Feudal Age
12:35 Double-Bit Axe
12:35 Horse Collar
16:27 Wheelbarrow
15:59 Gold Mining
16:03 Stone Mining
23:46 Castle Age
23:07 Fletching
24:54 Bodkin Arrow
25:49 Bow Saw
27:19 Heavy Plow
28:37 Gold Shaft Mining
MrHeinsenberg
13:18 Feudal Age
20:48 Man-at-Arms
21:15 Arson
23:34 Wheelbarrow
26:47 Castle Age
25:27 Stone Mining
27:51 Long Swordsman
Connection lost

Rejoining the realm…

Still unreachable

The connection could not be restored.

Session expired

The server has moved on; the page needs a fresh start.